 Dungeon Crawl Stone Soup version 0.20-a0-470-gbb038bd (webtiles) character file.

981 Dfrag the Magician (level 8, 0/62 HPs)
             Began as a Naga Conjurer on Jan 13, 2017.
             Slain by an orc warrior
             ... wielding a +2 glaive of protection
              (26 damage)
             ... on level 6 of the Dungeon.
             The game lasted 00:10:41 (4054 turns).

Dfrag the Magician (Naga Conjurer)                  Turns: 4054, Time: 00:10:41

Health: 0/62       AC:  6    Str: 11    XL:     8   Next: 17%
Magic:  9/18       EV: 10    Int: 17    God:
Gold:   253        SH:  0    Dex: 12    Spells: 18/21 levels left

rFire  . . .     SeeInvis +     D - -2 mace (curse)
rCold  + . .     Gourm    .     a - +0 robe
rNeg   . . .     Faith    .     (no shield)
rPois  +         Spirit   .     i - +0 helmet
rElec  .         Reflect  .     C - +1 cloak {MR+}
rCorr  .         Harm     .     (no gloves)
MR     ++...                    (no barding)
Stlth  ++........               t - amulet of magic regeneration
                                (no ring)
                                s - ring of protection from cold

@: very slow
A: see invisible, deformed body, poison resistance, slowness 2, slow metabolism
1, spit poison 1, AC +2
a: Spit Poison


You were on level 6 of the Dungeon.
You were not hungry.

You visited 1 branch of the dungeon, and saw 6 of its levels.
You also visited: Sewer.

You collected 253 gold pieces.

Inventory:

Hand Weapons
 D - a cursed -2 mace (weapon)
 F - a +2 dire flail of crushing
Armour
 a - a +0 robe (worn)
 i - a +0 helmet (worn)
 m - a +0 cloak
 C - a +1 cloak of magic resistance (worn)
Jewellery
 s - a ring of protection from cold (left hand)
 t - an amulet of magic regeneration (around neck)
Wands
 x - a wand of random effects (22/48)
 B - a wand of polymorph (9/24)
 E - a wand of flame (16/48)
Scrolls
 d - 2 scrolls of blinking {unknown}
 g - 6 scrolls of remove curse {unknown}
 h - a scroll of enchant armour {unknown}
 j - 4 scrolls of identify {unknown}
 k - a scroll of noise {unknown}
 r - a scroll of random uselessness {unknown}
 w - 3 scrolls of teleportation {unknown}
 y - 4 scrolls of enchant weapon {unknown}
 I - a scroll of magic mapping {unknown}
 K - a scroll of amnesia {unknown}
Potions
 e - 5 potions of might {unknown}
 f - a potion of berserk rage {unknown}
 n - 6 potions of magic {unknown}
 q - a potion of degeneration {unknown}
 u - a potion of agility {unknown}
 v - a potion of mutation {unknown}
 A - 3 potions of curing {unknown}
 G - a potion of invisibility {unknown}
 H - a potion of ambrosia {unknown}
 J - 2 potions of heal wounds {unknown}
Books
 b - a book of Conjurations

   Spells                             Type                      Level
   a - Magic Dart                     Conjuration                  1
   b - Searing Ray                    Conjuration                  2
   c - Dazzling Spray                 Conjuration/Hexes            3
   d - Fulminant Prism                Conjuration/Hexes            4
   e - Iskenderun's Mystic Blast      Conjuration                  4
   f - Iskenderun's Battlesphere      Conjuration/Charms           5
Comestibles
 c - 4 bread rations
 l - 4 beef jerkies
 o - 3 meat rations
 p - 3 fruits
 z - 3 chunks of flesh


   Skills:
 - Level 1.5 Dodging
 - Level 3.0 Stealth
 * Level 7.1 Spellcasting
 + Level 6.6 Conjurations


You had 18 spell levels left.
You knew the following spells:

 Your Spells              Type           Power        Failure   Level  Hunger
a - Magic Dart            Conj           ####         1%          1    None
b - Searing Ray           Conj           ####..       1%          2    None


Dungeon Overview and Level Annotations

Branches:
Dungeon (6/15)
 Temple: D:4-7

Altars:
Cheibriados
Elyvilon
The Shining One


Innate Abilities, Weirdness & Mutations

You cannot wear boots.
Your serpentine skin is tough. (AC +2)
You have supernaturally acute eyesight. (SInv)
Armour fits poorly on your strangely shaped body.
Your system is resistant to poisons. (rPois)
You cover ground very slowly.
You have a slow metabolism.
You can spit poison.


Message History

You have got your breath back.
The orc warrior closely misses you.
The searing ray hits the orc warrior.
The orc warrior is heavily wounded.
The orc warrior misses you.
The searing ray hits the orc warrior.
The orc warrior is almost dead.
The orc warrior hits you from afar with a glaive of protection!
The searing ray hits the orc warrior.
The orc warrior is almost dead.
You finish channeling your searing ray.
Casting: Searing Ray
Confirm with . or Enter, or press ? or * to list all spells.
Aiming: Searing Ray
Press: ? - help, Shift-Dir - straight line, f/p - orc warrior
Aim: an orc warrior, wielding a glaive of protection and wearing a plate armour (almost dead)
The searing ray hits the orc warrior.
The orc warrior is almost dead.
The orc warrior hits you from afar with a glaive of protection!!
You die...

#(..####.#.
....(..ooo
.........
#. #
#o.......
#.# . #.#
#.# # #o#
#.# # #o#
#.# #
#####.# #.#
# #....@#
####.###
#.###.#
#.......
#.# #.#
#.##.##.
#.# #.#
###.##.##.
#.###.#
#......##.
#.....#
#.#.#####.
#.#####
#.#.#####.
#.#
#<#.......
#.#
#)######.#


You could see an orc warrior, an orc wizard and an orc.

Vanquished Creatures
  The ghost of McSplat the Chiller, an amateur MfIE (D:4)
  Edmund (D:4)
  An ogre (D:4)
  A big kobold (Sewer)
  A howler monkey (D:4)
  A crimson imp (D:5)
  A jelly (D:5)
  A hound (D:5)
  Crazy Yiuf (D:4)
  Jessica (D:3)
  2 orc wizards (D:4)
  2 iguanas
  A killer bee zombie (D:6)
  A hound zombie (D:5)
  A howler monkey skeleton (D:4)
  15 adders
  A river rat (Sewer)
  An ooze (Sewer)
  8 worms
  A dart slug (D:3)
  4 leopard geckos
  9 orcs
  7 giant cockroaches
  8 goblins
  7 hobgoblins
  19 kobolds
  4 quokkas
  A ball python (D:5)
  A ball python skeleton (D:4)
  7 bats
  5 frilled lizards
  7 rats
122 creatures vanquished.

Notes
Turn   | Place    | Note
-------+----------+-------------------------------------------
     0 | D:1      | Dfrag the Naga Conjurer began the quest for the Orb.
     0 | D:1      | Reached XP level 1. HP: 15/15 MP: 3/3
    80 | D:1      | Reached XP level 2. HP: 22/22 MP: 5/5
   697 | D:1      | Reached XP level 3. HP: 28/28 MP: 5/7
   745 | D:1      | Learned a level 2 spell: Searing Ray
   969 | D:2      | Reached skill level 3 in Spellcasting
  1008 | D:2      | Found a glowing golden altar of the Shining One.
  1089 | D:2      | Reached XP level 4. HP: 36/36 MP: 9/9
  1731 | D:3      | Reached XP level 5. HP: 42/42 MP: 6/10
  1783 | D:3      | Reached skill level 4 in Spellcasting
  1784 | D:3      | Found a white marble altar of Elyvilon.
  1787 | D:3      | Found a snail-covered altar of Cheibriados.
  1853 | D:3      | Noticed Jessica
  1861 | D:3      | Killed Jessica
  2059 | D:3      | Reached skill level 5 in Conjurations
  2131 | D:4      | Noticed an ogre
  2137 | D:4      | Killed an ogre
  2137 | D:4      | Reached XP level 6. HP: 35/49 MP: 7/13
  2141 | D:4      | Reached skill level 5 in Spellcasting
  2351 | D:4      | Noticed McSplat's ghost (amateur MfIE)
  2372 | D:4      | Killed McSplat's ghost
  2610 | D:4      | Reached XP level 7. HP: 55/55 MP: 12/15
  2654 | D:4      | Found a runed door.
  2658 | D:4      | Noticed Crazy Yiuf
  2662 | D:4      | Killed Crazy Yiuf
  2713 | D:4      | Noticed Edmund
  2736 | D:4      | Killed Edmund
  2736 | D:4      | Reached skill level 6 in Spellcasting
  3038 | D:5      | Entered Level 5 of the Dungeon
  3293 | D:5      | Found a glowing drain.
  3304 | Sewer    | Entered a sewer
  3445 | Sewer    | Reached XP level 8. HP: 62/62 MP: 13/18
  3850 | D:5      | Reached skill level 7 in Spellcasting
  4054 | D:6      | Slain by an orc warrior

Vault maps used:
D:1:      dpeg_arrival_refuge
D:2:      kennysheep_big_flooded_room, marbit_many_paths, serial_glass,
          glass_columns_c, glass_columns_b
D:3:      grunt_temple_overflow_open, first_bread, uniq_jessica
D:4:      fountainhead, hangedman_abyss_or_decor_stabs, kennysheep_potato,
          uniq_crazy_yiuf_cottage, uniq_edmund
D:5:      portal_sewer_entry_d
D:6:      lemuel_doored_altar, serial_shops, nicolae_shop_stone
Sewer:    sewer_co_15_rooms

Skill      XL: |  1  2  3  4  5  6  7  8 |
---------------+-------------------------+-----
Spellcasting   | 3 4 5 6 7 |  7.1
Conjurations   | 5 6 |  6.6
Dodging        | |  1.5
Stealth        | |  3.0

Action                   |  1- 3 |  4- 6 |  7- 9 || total
-------------------------+-------+-------+-------++-------
Melee: Unarmed           |    12 |     6 |       ||    18
       Mace              |       |       |    19 ||    19
 Cast: Magic Dart        |    39 |    54 |    29 ||   122
       Searing Ray       |     1 |    11 |    31 ||    43
 Abil: Spit Poison       |    20 |    28 |    13 ||    61
Evoke: Wand              |       |     3 |       ||     3
 Stab: Sleeping          |       |       |     1 ||     1
  Eat: Chunk             |     2 |     5 |     5 ||    12
Armor: Robe              |    10 |     9 |    19 ||    38
Dodge: Dodged            |    22 |    23 |    40 ||    85
